 Dungeon Crawl Stone Soup version 0.30-a0-359-gd0147acb1a (webtiles) character file.

Game seed: 15816962738466926319

88 bande the Covered (level 4, -1/29 HPs)
             Began as a Gargoyle Fighter on Nov 11, 2022.
             Slain by a gnoll
             ... wielding a +0 spear
              (6 damage)
             ... on level 2 of the Dungeon.
             The game lasted 00:02:34 (1587 turns).

bande the Covered (Gargoyle Fighter)                Turns: 1587, Time: 00:02:35

Health: -1/29      AC: 11    Str: 20    XL:     4   Next: 54%
Magic:  4/4        EV:  9    Int:  8    God:
Gold:   114        SH:  4    Dex: 11    Spells: 3/3 levels left

rFire   . . .      SeeInvis .    a - +0 war axe
rCold   . . .      Faith    .    c - +0 buckler
rNeg    + . .      Spirit   .    b - +0 scale mail
rPois   ∞          Reflect  .    (no helmet)
rElec   +          Harm     .    (no cloak)
rCorr   .          Rampage  .    j - +0 pair of gloves
Will    .....                    (no boots)
Stlth   ..........               (no amulet)
HPRegen 0.24/turn                (no ring)
MPRegen 0.09/turn                (no ring)

@: no status effects
A: sickness immunity, AC +3, negative energy resistance 1, electricity
resistance, torment resistance 1, petrification resistance
a: no special abilities


You were on level 2 of the Dungeon.
You visited 1 branch of the dungeon, and saw 2 of its levels.

You collected 114 gold pieces.

Inventory:

Hand Weapons
 a - a +0 war axe (weapon)
Armour
 b - a +0 scale mail (worn)
 c - a +0 buckler (worn)
 j - a +0 pair of gloves (worn)
 k - a +0 helmet
Potions
 d - 3 potions of might
 e - 2 potions of heal wounds {unknown}
 f - 2 potions of haste {unknown}
 g - a potion of invisibility {unknown}
 h - a potion of mutation {unknown}
 i - a potion of flight {unknown}


   Skills:
 + Level 3.9 Fighting
 + Level 3.0 Axes
 + Level 3.9 Armour
 + Level 3.7 Shields


You had 3 spell levels left.
You didn't know any spells.
Your spell library contained the following spells:

 Spells                   Type           Power      Damage    Failure   Level
 Beastly Appendage        Tmut           0%         N/A       85%         1
 Wereblood                Tmut           0%         N/A       94%         2
 Spider Form              Tmut/Pois      0%         N/A       99%         3


Dungeon Overview and Level Annotations

Branches:
Dungeon (2/15)

Altars:


Innate Abilities, Weirdness & Mutations

You are immune to sickness and miasma.
Your stone body is resilient. (AC +3)
You are immune to poison.
You resist negative energy. (rN+)
You are resistant to electric shocks. (rElec)
You are resistant to unholy torment.
You are immune to petrification.


Message History

The hobgoblin hits you. The hobgoblin barely misses you.
The gnoll hits you but does no damage.
You hit the hobgoblin.
You kill the hobgoblin!
You closely miss the gnoll. The gnoll barely misses you.
A gnoll comes into view. It is wielding a +0 whip.
The gnoll barely misses you.
You closely miss the gnoll.
The gnoll hits you from afar with a +0 spear.
The gnoll closely misses you.
You slash the gnoll!
The gnoll is almost dead.
The gnoll hits you but does no damage. x2; The gnoll hits you with a +0 flail.
The gnoll hits you but does no damage.
You slash the gnoll!
You kill the gnoll!
The gnoll hits you from afar with a +0 spear.
The gnoll hits you with a +0 spear! The gnoll closely misses you.
You are too injured to fight recklessly!
You are too injured to fight recklessly!
You are too injured to fight recklessly!
You are too injured to fight recklessly!
You are too injured to fight recklessly!
You are too injured to fight recklessly!
You are too injured to fight recklessly!
You are too injured to fight recklessly!
You are too injured to fight recklessly!
Unknown command.
You slash the gnoll!
You kill the gnoll!
You slash the gnoll! The gnoll completely misses you.
The gnoll hits you with a +0 spear.
* * * LOW HITPOINT WARNING * * *
Your Axes skill increases to level 3!
Unknown command.
Found a stone staircase leading up.
The gnoll hits you but does no damage.
Things that are here:
a +0 whip; a gnoll corpse The gnoll hits you with a +0 spear.
You die...

#.# .. #.# #
#..######## ..
#.........#
.#.##.........#
..<...........#
#..@......# #
#.g)......#
#.#####.)######
..............#
..##..........#
#..........#
#..........#
#..........#
############


You could see a gnoll.

Vanquished Creatures
  Robin (D:2)
  2 gnolls (D:2)
  An adder (D:2)
  2 dart slugs (D:1)
  3 ball pythons (D:1)
  A giant cockroach (D:1)
  12 goblins
  7 hobgoblins
  A quokka (D:1)
  4 bats (D:1)
  2 frilled lizards (D:1)
  5 kobolds
  A rat (D:2)
42 creatures vanquished.

Notes
Turn   | Place    | Note
-------+----------+-------------------------------------------
     0 | D:1      | bande the Gargoyle Fighter began the quest for the Orb.
     0 | D:1      | Reached XP level 1. HP: 14/14 MP: 1/1
   128 | D:1      | Reached XP level 2. HP: 19/19 MP: 2/2
   746 | D:1      | Reached XP level 3. HP: 16/23 MP: 3/3
  1088 | D:2      | Noticed Robin
  1554 | D:2      | Killed Robin
  1577 | D:2      | Reached XP level 4. HP: 26/29 MP: 4/4
  1587 | D:2      | Slain by a gnoll

Illustrated notes

Levels and vault maps discovered:
D:1:      nzn_arrival_depleted_hourglass, layout_basic, roderic_serpentine_path
D:2:      layout_rooms, minmay_unequal, uniq_robin

Skill      XL: |  1  2  3  4 |
---------------+-------------+-----
Axes           | 2 3 |  3.0
Fighting       | |  3.9
Armour         | |  3.9
Shields        | |  3.7

Action                   |  1- 3 |  4- 6 || total
-------------------------+-------+-------++-------
Melee: War axe           |   119 |     8 ||   127
  Use: Scroll            |     2 |       ||     2
Armor: Scale mail        |   113 |     6 ||   119
Dodge: Dodged            |    95 |     7 ||   102
Block: Buckler           |    39 |     1 ||    40

Table legend: (Time is in decaauts)
 A = Elapsed time spent in this place.
 B = Non-inter-level travel time spent in this place.
 C = Inter-level travel time spent in this place.
 D = Time resting spent in this place.
 E = Time spent auto-exploring this place.
 F = Levels seen in this place.
 G = Mean time per level.
                   A        B        C        D        E       F      G
               +--------+--------+--------+--------+--------+-----+--------+
         Total |   1648 |   1621 |     27 |    373 |    921 |   2 |  824.0 |
       Dungeon |   1648 |   1621 |     27 |    373 |    921 |   2 |  824.0 |
               +--------+--------+--------+--------+--------+-----+--------+

Top non-repeatable levels by time:
     D:1: 1548 daAuts
     D:2: 99 daAuts
